 Dungeon Crawl Stone Soup version 0.23.2-33-g5129a83184 (webtiles) character file.

Game seed: 16931384034705010748

1145 Jakon the Slasher (level 8, -3/61 HPs)
             Began as a Human Fighter on July 26, 2019.
             Slain by a salamander (5 damage)
             ... on level 6 of the Dungeon.
             The game lasted 00:19:09 (6053 turns).

Jakon the Slasher (Human Fighter)                   Turns: 6053, Time: 00:19:09

Health: -3/61      AC: 13    Str: 17    XL:     8   Next: 64%
Magic:  8/8        EV:  4    Int: 10    God:
Gold:   298        SH: 10    Dex: 13    Spells: 7/7 levels left

rFire    + . .     SeeInvis +   a - +1 long sword
rCold    + . .     Gourm    .   c - +0 shield
rNeg     . . .     Faith    .   o - +0 plate armour {rF+}
rPois    .         Spirit   .   (no helmet)
rElec    .         Reflect  .   (no cloak)
rCorr    .         Harm     .   d - +0 pair of gloves
MR       .....                  (no boots)
Stlth    ..........             (no amulet)
HPRegen  0.20/turn              j - ring of see invisible
MPRegen  0.11/turn              t - ring of protection from cold

@: no status effects
A: no striking features
a: no special abilities


You were on level 6 of the Dungeon.
You were not hungry.

You visited 1 branch of the dungeon, and saw 6 of its levels.

You collected 298 gold pieces.

Inventory:

Hand Weapons
 a - a +1 long sword (weapon)
 s - a +2 whip of flaming
Armour
 c - a +0 shield (worn)
 d - a +0 pair of gloves (worn)
 o - a +0 plate armour of fire resistance (worn)
Jewellery
 j - a ring of see invisible (left hand)
 t - a ring of protection from cold (right hand)
Wands
 m - a wand of enslavement (7)
Scrolls
 b - a scroll of fog
 g - 2 scrolls of teleportation
 h - a scroll of silence
 k - a scroll of identify
 l - 4 scrolls of remove curse
Potions
 e - 2 potions of flight
 i - a potion of haste
 n - a potion of mutation
 p - a potion of agility
Comestibles
 f - 7 rations


   Skills:
 + Level 4.7 Fighting
 + Level 5.8 Long Blades
 + Level 5.4 Armour
 + Level 1.2 Dodging
 + Level 0.3 Stealth
 + Level 5.7 Shields
 + Level 0.2 Evocations


You had 7 spell levels left.
You didn't know any spells.
Your spell library was empty.

Dungeon Overview and Level Annotations

Branches:
Dungeon (6/15)
 Temple: D:4-7

Altars:
Ashenzari
Cheibriados
Sif Muna
Xom
Yredelemnul


Message History

You block the salamander's attack.
You hit the salamander.
The salamander is heavily wounded.
The salamander hits you but does no damage.
You barely miss the salamander.
The salamander is heavily wounded.
You block the salamander's attack.
You barely miss the salamander.
The salamander is heavily wounded.
The salamander hits you.
You are engulfed in flames!
You resist.
* * * LOW HITPOINT WARNING * * *
You hit the salamander.
The salamander is heavily wounded.
The salamander completely misses you.
You hit the salamander.
The salamander is severely wounded.
The salamander hits you!
* * * LOW HITPOINT WARNING * * *
You are engulfed in flames.
You resist.
You die...

### #.# ##.## #######***###
##...######
...≈≈≈≈≈≈≈∩≈##*##.....#...##
##.####***###.##.......###.##
#..## *,,..............###.#
....###****##.....####### #.#
....<.#*,,,*#.....#*,..#*##.#
....###,,,,,#.....#.....##.##
......#,,,,,+..8@N'.....#..#
#.#.###,,,,,#.....#.....#..#
#.#..#**,,,*#.....##...##..#
#.##.###**#####+#########..#
#......# #.#*,,,**#.......#
####.### #.#,,,,,*#.......#
##.## ##.#,,,,,*#.......#
##...####..#,,,,,*####.####
##.....<....#*,,,** #.#


You could see a salamander.

Vanquished Creatures
  A hippogriff (D:4)
  A sky beast (D:5)
  An ice beast (D:5)
  A bullfrog (D:4)
  A howler monkey (D:4)
  2 bullfrog zombies (D:5)
  A hound (D:6)
  3 orc priests
  A bullfrog skeleton (D:5)
  An iguana (D:4)
  2 orc wizards (D:5)
  4 worker ants
  10 adders
  8 gnolls
  2 worms (D:2)
  2 dart slugs
  6 leopard geckos
  17 orcs
  12 giant cockroaches
  4 goblins
  4 hobgoblins
  3 jackals (D:4)
  4 kobolds
  3 quokkas
  A ball python (D:4)
  10 bats
  2 frilled lizards (D:4)
  2 quokka skeletons (D:4)
  11 rats
  A spectral orc (D:3)
121 creatures vanquished.

Notes
Turn   | Place    | Note
-------+----------+-------------------------------------------
     0 | D:1      | Jakon the Human Fighter began the quest for the Orb.
     0 | D:1      | Reached XP level 1. HP: 18/18 MP: 1/1
   306 | D:1      | Found a shattered altar of Ashenzari.
   329 | D:1      | Reached XP level 2. HP: 24/24 MP: 2/2
   491 | D:1      | Reached XP level 3. HP: 27/29 MP: 3/3
  1142 | D:2      | Reached XP level 4. HP: 33/35 MP: 4/4
  1181 | D:2      | Found a snail-covered altar of Cheibriados.
  1937 | D:3      | Reached XP level 5. HP: 37/41 MP: 5/5
  2323 | D:3      | Found a shimmering altar of Xom.
  2434 | D:3      | Found a basalt altar of Yredelemnul.
  2666 | D:4      | Reached skill level 1 in Dodging
  2741 | D:4      | Reached XP level 6. HP: 41/47 MP: 6/6
  3636 | D:4      | Reached XP level 7. HP: 47/52 MP: 7/7
  4155 | D:5      | Entered Level 5 of the Dungeon
  4273 | D:5      | Reached skill level 5 in Long Blades
  4430 | D:5      | Noticed Eustachio
  4435 | D:5      | Noticed Eustachio
  4435 | D:5      | Eustachio changed into Eustachio the ice beast
  4446 | D:5      | Killed Eustachio the ice beast
  4446 | D:5      | Reached skill level 5 in Shields
  4849 | D:5      | Reached XP level 8. HP: 60/60 MP: 8/8
  4893 | D:5      | Found a deep blue altar of Sif Muna.
  5020 | D:5      | Noticed a hippogriff
  5093 | D:4      | Killed a hippogriff
  5093 | D:4      | Reached skill level 5 in Armour
  6039 | D:6      | Noticed a hippogriff
  6042 | D:6      | Noticed a salamander
  6042 | D:6      | a hippogriff changed into a salamander
  6053 | D:6      | HP: 2/61 [salamander (11)]
  6053 | D:6      | Slain by a salamander

Skill      XL: |  1  2  3  4  5  6  7  8 |
---------------+-------------------------+-----
Long Blades    | 3 4 5 |  5.8
Shields        | 4 5 |  5.7
Dodging        | 1 |  1.2
Armour         | 4 5 |  5.4
Fighting       | 4 |  4.7
Stealth        | |  0.3
Evocations     | |  0.2

Action                   |  1- 3 |  4- 6 |  7- 9 || total
-------------------------+-------+-------+-------++-------
Melee: Long sword        |    86 |   321 |   254 ||   661
Evoke: Wand              |       |       |     5 ||     5
  Use: Potion            |       |     4 |     2 ||     6
       Scroll            |       |       |    10 ||    10
  Eat: Chunk             |     1 |     9 |     5 ||    15
       Ration            |       |       |     1 ||     1
Armor: Scale mail        |    36 |    73 |       ||   109
       Plate armour      |       |   110 |   158 ||   268
Dodge: Dodged            |    26 |    76 |    34 ||   136
Block: Shield            |    49 |   172 |   138 ||   359
       Rpst.: Long sword |     8 |    17 |    10 ||    35
